Map: Ulrena

Players

Mjolkie

  • Race: Zerg Zerg
  • League: Gold

Jhyrachy - Winner!

  • Race: Zerg Zerg
  • League: Gold

VOD

Have the link to the VOD?

Description

Time

  • Played on: May 17, 2016, 4:35 p.m.
  • Length: 3:42
Show
View Real Time Build Order
Export as new Build Order

Mjolkie Zerg 

Build Orders: Hatch First 

Get SALT Encoding   

  12  0:01  Drone  
  13  0:12  Overlord  
  13  0:22  Drone  
  14  0:33  Drone x2  
  16  0:46  Drone  
  17  0:54  Hatchery  
  17  0:56  Drone  
  17  0:59  Drone  
  18  1:12  Extractor  
  18  1:17  Spawning Pool  
  16  1:24  Drone x2  
  18  1:30  Drone  
  19  1:38  Overlord  
  19  2:05  Zergling x4  
  19  2:07  Overlord  
  21  2:24  Zergling x4  
  21  2:25  Zergling x2  
  24  2:49  Baneling Nest, Queen x2  
  27  2:52  Drone x5  
  32  3:01  Drone  
  33  3:09  Spine Crawler  
  33  3:10  Spine Crawler  
  29  3:13  Spine Crawler  
  29  3:18  Spine Crawler  
  22  3:23  Spine Crawler  
Show
View Real Time Build Order
Export as new Build Order

Jhyrachy Zerg - Winner!

Build Orders: Pool Only 

Get SALT Encoding   

  12  0:01  Drone  
  13  0:09  Drone  
  14  0:27  Extractor  
  13  0:32  Extractor  
  13  0:33  Drone  
  13  0:34  Spawning Pool  
  13  0:45  Drone  
  13  0:46  Overlord  
  14  1:04  Drone x2  
  16  1:12  Drone  
  17  1:21  Queen  
  17  1:22  Zergling x2  
  20  1:30  Overlord  
  20  1:41  Metabolic Boost  
  20  1:44  Zergling x2  
  21  1:56  Zergling x2  
  22  2:09  Zergling x2  
  23  2:19  Zergling x2  
  24  2:36  Zergling x8  
  28  2:43  Zergling x2  
  29  3:03  Zergling x2  
Tags
 
Add a new tag
Caveats
  • Supply blocks, unpowered buildings, or Contaminate may cause inaccurate times.
  • Supply counts are checked every 10 seconds.